Map: Ascension to Aiur LE

Players

Juxtapose

  • Race: Zerg Zerg
  • Spawn Location: 5:00

DrBloom - Winner!

  • Race: Terran Terran
  • League: Gold
  • Spawn Location: 11:00

VOD

https://youtu.be/wAKNmN7qljI

Description

My opponent appears to be in Gold League and totally outclassed me.

I don't even think he scouted me before attacking.

Time

  • Played on: May 10, 2017, 9:14 p.m.
  • Length: 6:52
Show
View Real Time Build Order
Export as new Build Order

Juxtapose Zerg 

Build Orders: Pool First 

Get SALT Encoding   

  12  0:01  Drone  
  13  0:13  Overlord  
  13  0:21  Drone  
  13  0:26  Overlord  
  14  0:33  Drone  
  15  0:39  Drone  
  16  0:51  Spawning Pool  
  16  0:54  Drone  
  16  1:05  Drone  
  16  1:10  Extractor  
  16  1:13  Drone  
  17  1:19  Drone  
  18  1:29  Drone  
  19  1:38  Queen  
  19  1:39  Drone  
  22  1:50  Drone  
  22  1:53  Extractor  
  22  1:57  Roach Warren  
  21  2:03  Drone  
  22  2:14  Drone  
  23  2:16  Hatchery  
  22  2:27  Drone  
  23  2:35  Drone  
  24  2:43  Lair  
  24  2:50  Evolution Chamber  
  23  2:51  Drone  
  24  3:04  Zergling x4  
  24  3:05  Zergling x2  
  27  3:26  Spore Crawler  
  26  3:28  Spore Crawler  
  26  3:29  Drone x2  
  27  3:34  Metabolic Boost  
  27  3:39  Zergling x4  
  27  3:40  Zergling x2  
  30  3:49  Drone x2, Queen  
  30  3:55  Overlord  
  34  4:04  Drone x2  
  34  4:05  Overlord  
  36  4:15  Drone  
  36  4:16  Drone x4  
  41  4:48  Drone x5  
  46  4:55  Roach  
  46  4:56  Roach x2  
  41  5:30  Drone x4  
  41  5:31  Drone x4  
  32  5:58  Infestation Pit  
  32  6:01  Zergling x4  
  33  6:06  Baneling Nest  
  32  6:13  Zergling x2  
  32  6:14  Zergling x6  
  36  6:22  Overlord  
  36  6:28  Overlord  
Show
View Real Time Build Order
Export as new Build Order

DrBloom Terran - Winner!

Build Orders: 1/1/1 

Get SALT Encoding   

  12  0:00  SCV  
  13  0:16  Supply Depot  
  13  0:23  Refinery  
  13  0:24  SCV  
  14  0:39  Barracks  
  14  0:46  SCV  
  15  0:58  SCV, Supply Depot  
  16  1:10  SCV  
  17  1:31  Factory  
  17  1:35  Orbital Command  
  17  1:42  Refinery  
  17  1:43  Barracks Reactor  
  17  2:02  SCV  
  18  2:10  Barracks  
  18  2:14  SCV  
  19  2:19  Starport  
  19  2:24  Marine  
  19  2:25  Marine  
  19  2:26  SCV  
  22  2:34  Factory Reactor  
  22  2:38  SCV  
  22  2:42  Marine x2  
  25  2:46  Supply Depot  
  25  2:53  SCV  
  26  2:59  Barracks Tech Lab  
  26  3:00  Marine x2  
  28  3:10  Supply Depot  
  28  3:18  Marine x2  
  30  3:23  Factory Tech Lab, Stimpack  
  30  3:24  Marine  
  31  3:36  Engineering Bay  
  31  3:37  Marine x2  
  33  3:41  Marine  
  33  3:45  SCV  
  35  3:54  Marine  
  35  3:55  Marine  
  37  3:57  Medivac x2  
  37  3:59  Marine  
  42  4:08  SCV  
  43  4:13  Marine x2  
  45  4:17  Marine  
  46  4:27  Supply Depot  
  46  4:29  Missile Turret  
  46  4:40  Marine  
  46  4:44  Terran Infantry Weapons Level 1  
  47  4:48  Marine x2, Siege Tank  
  47  4:51  Supply Depot  
  52  5:02  Marine  
  52  5:06  Marine x2  
  53  5:37  Marine x3  
  53  5:39  Siege Tank  
  53  5:40  Medivac x2  
  63  6:02  Command Center  
  63  6:32  Marine  
Tags
 
Add a new tag
Caveats
  • Supply blocks, unpowered buildings, or Contaminate may cause inaccurate times.
  • Supply counts are checked every 10 seconds.